 Dungeon Crawl Stone Soup version 0.30-a0-297-g0ec75d9ef4 (webtiles) character file.

Game seed: 1614346671543105653

1640 bande the Chopper (level 8, 0/51 HPs)
             Began as a Gargoyle Fighter on Oct 18, 2022.
             Constricted to death by Pikel (7 damage)
             ... on level 6 of the Dungeon.
             The game lasted 00:09:00 (4672 turns).

bande the Chopper (Gargoyle Fighter)                Turns: 4672, Time: 00:09:01

Health: 0/51       AC: 23    Str: 19    XL:     8   Next: 99%
Magic:  8/8        EV:  4    Int: 16    God:
Gold:   177        SH:  5    Dex: 11    Spells: 7/7 levels left

rFire   . . .      SeeInvis .    s - +0 broad axe
rCold   . . .      Faith    .    c - +0 buckler
rNeg    + . .      Spirit   .    k - +0 chain mail
rPois   ∞          Reflect  .    (no helmet)
rElec   +          Harm     .    f - +0 cloak
rCorr   .          Rampage  .    u - +0 pair of gloves
Will    .....                    i - +0 pair of boots
Stlth   ..........               (no amulet)
HPRegen 0.28/turn                d - ring of Lixkum {Int+6 Slay+6}
MPRegen 0.11/turn                q - +4 ring of protection

@: grasped by roots, constricted
A: sickness immunity, AC +5, negative energy resistance 1, electricity
resistance, torment resistance 1, petrification resistance
a: no special abilities


You were on level 6 of the Dungeon.
You visited 1 branch of the dungeon, and saw 6 of its levels.

You collected 1063 gold pieces.
You spent 886 gold pieces at shops.

Inventory:

Hand Weapons
 a - a +0 war axe
 b - a +0 morningstar
 s - a +0 broad axe (weapon)
Missiles
 o - a throwing net (quivered)
Armour
 c - a +0 buckler (worn)
 f - a +0 cloak (worn)
 i - a +0 pair of boots (worn)
 k - a +0 chain mail (worn)
 u - a +0 pair of gloves (worn)
Jewellery
 d - the ring of Lixkum (left hand) {Int+6 Slay+6}
   (You bought it in a shop on level 6 of the Dungeon)

   [ring of intelligence]

   Int:       It affects your intelligence (+6).
   Slay:      It affects your accuracy & damage with ranged weapons and melee
   (+6).
 h - a ring of magical power
 j - a +4 ring of evasion
 q - a +4 ring of protection (right hand)
Wands
 g - a wand of flame (26)
 n - a wand of digging (5)
 p - a wand of polymorph (9)
Scrolls
 l - 3 scrolls of teleportation
 v - 2 scrolls of identify
Potions
 e - 3 potions of mutation
 m - a potion of flight
 r - a potion of brilliance
 t - a potion of haste


   Skills:
 + Level 5.8 Fighting
 + Level 7.4 Axes
 + Level 6.2 Armour
 - Level 0.1 Stealth
 + Level 4.4 Shields
 * Level 2.3 Evocations


You had 7 spell levels left.
You didn't know any spells.
Your spell library contained the following spells:

 Spells                   Type           Power      Damage    Failure   Level
 Beastly Appendage        Tmut           0%         N/A       97%         1
 Wereblood                Tmut           0%         N/A       99%         2
 Kindle Blastsparks       Fire/Tloc/Air  0%         2d10      100%        3
 Spider Form              Tmut/Pois      0%         N/A       100%        3
 Fulminant Prism          Conj/Hex       0%         3d6       100%        4
 Iskenderun's Mystic Bla  Conj/Tloc      0%         2d3       100%        4
 Leda's Liquefaction      Hex/Erth       0%         N/A       100%        4
 Lee's Rapid Deconstruct  Erth           0%         3d4*      100%        5
 Statue Form              Tmut/Erth      Unusable   N/A       N/A         6

Dungeon Overview and Level Annotations

Branches:
Dungeon (6/15)
 Temple: D:4-7

Altars:

Shops:
D:6 =

Annotations:
D:6 Pikel


Innate Abilities, Weirdness & Mutations

You are immune to sickness and miasma.
Your stone body is resilient. (AC +5)
You are immune to poison.
You resist negative energy. (rN+)
You are resistant to electric shocks. (rElec)
You are resistant to unholy torment.
You are immune to petrification.


Message History

Pikel waves his whip at you.
Pikel zaps a wand.
The roots erupt in riotous growth!
The grasping roots grab you!
Pikel is unaffected.
The grasping roots constrict you.
You closely miss Pikel.
Pikel is heavily wounded.
Pikel barely misses you. The grasping roots constrict you.
You hit Pikel.
Pikel is heavily wounded.
Pikel hits you but does no damage. The grasping roots constrict you.
Pikel barely misses you. The grasping roots constrict you.
Unknown command.
You barely miss Pikel.
Pikel is heavily wounded.
Pikel hits you with a +0 whip of flaming!
* * * LOW HITPOINT WARNING * * *
Pikel burns you.
* * * LOW HITPOINT WARNING * * *
The grasping roots constrict you.
The grasping roots release their grip on you.
You barely miss Pikel.
Pikel is heavily wounded.
Pikel completely misses you.
You hit Pikel.
Pikel is heavily wounded.
Pikel says, "You'll feel the lick of my whip!"
You block Pikel's attack.
You barely miss Pikel.
Pikel is heavily wounded.
Pikel zaps a wand.
The roots erupt in riotous growth!
The grasping roots grab you!
Pikel is unaffected.
The grasping roots constrict you.
* * * LOW HITPOINT WARNING * * *
Pikel hits you but does no damage. The grasping roots constrict you.
* * * LOW HITPOINT WARNING * * *
Okay, then.
You miss Pikel.
Pikel is heavily wounded.
Pikel hits you but does no damage. The grasping roots constrict you!
You die...

#..#)# #..#)# #..#.#
#..#.# #..#.# #..#.# #
#..#.##########...
#######..#....).........
.....5K@.########.##....
########.########.# .#
#..........#
############


You could see Pikel and a lemure.

Vanquished Creatures
  Grinder (D:4)
  Prince Ribbit (D:5)
  Sigmund (D:6)
  An orc warrior (D:6)
  A water moccasin (D:3)
  2 black bears
  A phantom (D:5)
  3 lemures (D:6)
  2 scorpions
  2 orc priests (D:3)
  2 hounds (D:5)
  Crazy Yiuf (D:2)
  4 iguanas
  7 orc wizards
  An adder (D:4)
  A shadow imp (D:5)
  A white imp (D:6)
  An ufetubus (D:6)
  2 worms (D:2)
  5 dart slugs
  16 orcs
  7 bats
  7 endoplasms
  2 giant cockroaches
  7 goblins
  6 hobgoblins
  A quokka (D:2)
  11 ball pythons
  A frilled lizard (D:3)
  6 kobolds
  4 rats
108 creatures vanquished.

Notes
Turn   | Place    | Note
-------+----------+-------------------------------------------
     0 | D:1      | bande the Gargoyle Fighter began the quest for the Orb.
     0 | D:1      | Reached XP level 1. HP: 14/14 MP: 1/1
    42 | D:1      | Found a faded altar of an unknown god.
   111 | D:1      | You fall into a shaft and drop 1 floor!
   125 | D:2      | Reached XP level 2. HP: 18/19 MP: 2/2
   641 | D:1      | Reached skill level 2 in Axes
   916 | D:2      | Reached XP level 3. HP: 24/24 MP: 3/3
  1113 | D:2      | Found a runed translucent door.
  1114 | D:2      | Noticed Crazy Yiuf
  1429 | D:2      | Killed Crazy Yiuf
  1430 | D:2      | Reached XP level 4. HP: 29/29 MP: 4/4
  1623 | D:3      | Reached skill level 3 in Axes
  1879 | D:3      | Reached XP level 5. HP: 32/33 MP: 5/5
  2403 | D:3      | Noticed a water moccasin
  2413 | D:3      | Killed a water moccasin
  2414 | D:3      | Reached skill level 4 in Axes
  2414 | D:3      | Reached XP level 6. HP: 28/39 MP: 6/6
  2937 | D:4      | Noticed Grinder
  2961 | D:4      | Paralysed by Grinder for 2 turns
  2965 | D:4      | Killed Grinder
  2966 | D:4      | Reached skill level 5 in Axes
  2966 | D:4      | Reached XP level 7. HP: 24/44 MP: 7/7
  3187 | D:4      | Reached skill level 5 in Armour
  3470 | D:5      | Entered Level 5 of the Dungeon
  3547 | D:5      | Identified a scroll of acquirement
  3547 | D:5      | Acquired 794 gold pieces
  3663 | D:5      | Reached skill level 5 in Fighting
  3668 | D:5      | Reached skill level 6 in Axes
  3791 | D:5      | Reached XP level 8. HP: 49/49 MP: 8/8
  3854 | D:5      | Noticed Prince Ribbit
  3888 | D:5      | Killed Prince Ribbit
  3889 | D:5      | Reached skill level 1 in Evocations
  4298 | D:6      | Noticed Sigmund
  4306 | D:6      | Found Dogikkab's Jewellery Shop.
  4329 | D:6      | Killed Sigmund
  4330 | D:6      | Reached skill level 7 in Axes
  4390 | D:6      | Bought the ring of Lixkum {Int+6 Slay+6} for 886 gold
                  | pieces
  4648 | D:6      | Noticed Pikel
  4672 | D:6      | Constricted to death by Pikel

Illustrated notes

Levels and vault maps discovered:
D:1:      shiori_arrival_elements, layout_basic, ebering_ecumenical_altar_rust
D:2:      layout_rooms, minmay_hexomino_c4, uniq_crazy_yiuf_cottage
D:3:      layout_basic
D:4:      layout_rooms, minmay_misc_feat_columns, uniq_grinder
D:5:      layout_rooms, uniq_prince_ribbit1
D:6:      layout_loops_ring, serial_shops, nicolae_shop_statue_plus, uniq_pikel,
          uniq_sigmund

Skill      XL: |  1  2  3  4  5  6  7  8 |
---------------+-------------------------+-----
Axes           | 2 3 4 5 6 7 |  7.4
Fighting       | 4 5 |  5.8
Armour         | 4 5 6 |  6.2
Shields        | 4 |  4.4
Evocations     | 2 |  2.3
Stealth        | |  0.1

Action                   |  1- 3 |  4- 6 |  7- 9 || total
-------------------------+-------+-------+-------++-------
Melee: War axe           |   110 |   114 |    48 ||   272
       Broad axe         |       |       |   210 ||   210
  Use: Scroll            |     7 |       |     9 ||    16
       Potion            |     1 |       |     2 ||     3
Armor: Scale mail        |    49 |    13 |       ||    62
       Chain mail        |       |    44 |   211 ||   255
Dodge: Dodged            |    84 |    63 |   108 ||   255
Block: Buckler           |    28 |    19 |    44 ||    91

Table legend: (Time is in decaauts)
 A = Elapsed time spent in this place.
 B = Non-inter-level travel time spent in this place.
 C = Inter-level travel time spent in this place.
 D = Time resting spent in this place.
 E = Time spent auto-exploring this place.
 F = Levels seen in this place.
 G = Mean time per level.
                   A        B        C        D        E       F      G
               +--------+--------+--------+--------+--------+-----+--------+
         Total |   4836 |   4580 |    256 |    708 |   2705 |   6 |  806.0 |
       Dungeon |   4836 |   4580 |    256 |    708 |   2705 |   6 |  806.0 |
               +--------+--------+--------+--------+--------+-----+--------+

Top non-repeatable levels by time:
     D:3: 1151 daAuts
     D:5: 856 daAuts
     D:1: 852 daAuts
     D:2: 781 daAuts
     D:4: 779 daAuts
     D:6: 416 daAuts
